 Dungeon Sprint DCSS version 0.17-a0-2147-gfb20a63 (webtiles) character file.

177 esc the Skirmisher (level 5, -1/46 HPs)
             Began as a Demonspawn Gladiator on Oct 24, 2015.
             Was an Initiate of Okawaru.
             Slain by a yak (3 damage)
             ... in the Dungeon (Sprint IX: "|||||||||||||||||||||||||||||").
             The game lasted 00:01:56 (329 turns).

esc the Skirmisher (Demonspawn Gladiator)            Turns: 329, Time: 00:01:56

Health: -1/46      AC: 19    Str: 16    XL:     5   Next: 30%
Magic:  0/5        EV: 10    Int:  9    God:    Okawaru [......]
Gold:   0          SH:  0    Dex: 20    Spells: 0 memorised, 4 levels left

rFire  . . .     SeeInvis .     q - +2 halberd (protect)
rCold  + . .     Clarity  .     s - +1 chain mail
rNeg   . . .     SustAt   .     (no shield)
rPois  .         Gourm    .     (helmet restricted)
rElec  .         Spirit   .     r - +0 cloak
rCorr  .         Warding  .     (no gloves)
rMut   .         NoTele   +     (no boots)
MR     .....                    (no amulet)
Stlth  ..........               u - +3 ring of dexterity
                                t - +3 ring of dexterity

@: not resistant to hostile enchantments, extremely unstealthy
A: antennae 1, slimy green scales 2, cold resistance 1
a: Renounce Religion


You were in the Dungeon.
You worshipped Okawaru.
Okawaru was noncommittal.
You were not hungry.

You visited 1 branch

Inventory:

Hand Weapons
 q - a +2 halberd of protection (weapon)
   (You found it in the Dungeon)
Missiles
 d - 3 throwing nets {=f, !d}
Armour
 r - a +0 cloak (worn)
   (You found it in the Dungeon)
 s - a +1 chain mail (worn)
   (You found it in the Dungeon)
Magical Staves
 o - an uncursed staff of energy {@w1+MP, hungerless spells, !d!a}
   (You found it in the Dungeon)
Jewellery
 t - a +3 ring of dexterity (left hand)
   (You found it in the Dungeon)
 u - a +3 ring of dexterity (right hand)
   (You found it in the Dungeon)
Wands
 p - a wand of draining (7)
   (You found it in the Dungeon)
Scrolls
 k - 2 scrolls of blinking {!r}
 m - 3 scrolls of remove curse
 n - 2 scrolls of amnesia
Potions
 f - 5 potions of curing
 g - 3 potions of heal wounds
 h - a potion of haste
 i - 4 potions of magic
 j - a potion of invisibility
Comestibles
 e - a bread ration {@e1}
 l - a chunk of flesh {@w0}


   Skills:
 + Level 5.8 Fighting
 + Level 5.7 Polearms
 - Level 1.7 Throwing
 + Level 4.6 Armour
 + Level 5.7 Dodging


You had 4 spell levels left.
You didn't know any spells.

Dungeon Overview and Level Annotations

Branches:
Dungeon (1/1)

Altars:
Cheibriados
Dithmenos
Elyvilon
Fedhas
Gozag
Kikubaaqudgha
Makhleb
Nemelex Xobeh
Okawaru
Qazlal
Ru
Sif Muna
Trog
Vehumet
Xom
Yredelemnul
Zin
The Shining One
Beogh
Jiyva
Lugonu


Innate Abilities, Weirdness & Mutations

You have a pair of small antennae on your head.
You are mostly covered in slimy green scales (AC +3).
Your flesh is cold resistant.


Message History

You finish putting on your +1 chain mail.
t - a +3 ring of dexterity
u - a +3 ring of dexterity Put on which piece of jewellery? (? for menu, Esc to quit)
You feel agile.
t - a +3 ring of dexterity (left hand) Put on which piece of jewellery? (? for menu, Esc to quit)
You feel agile.
u - a +3 ring of dexterity (right hand) Wield which item (- for none, * to show all)? (? for menu, Esc to quit)
Okay, then.
Drop what? 21/52 slots (_ for help) (? for menu, Esc to quit)
You drop a +0 trident.
You drop a +0 leather armour.
You drop a +0 helmet.
You start resting.
Some of the chunks of flesh in your inventory have rotted away. x2
Health restored: 44
Okay, then.
You open the door.
A yak, a jelly, an eye of draining, a killer bee, a shadow imp and a phantom come into view.
The jelly quivers.
The shadow imp shouts!
The yak bellows!
The killer bee buzzes angrily.
The eye of draining turns its gaze towards you.
The phantom blinks!
Attack whom?
Aim: a phantom You reach to attack!
You puncture the phantom! The eye of draining gazes at you.
You feel your power leaking away.
You now have 0/5 mp.
You hit the phantom.
The phantom blinks!
The eye of draining gazes at you.
You hit the jelly.
Your hands burn!
The jelly hits you but does no damage.
You take 3 damage, and have 41/44 hp.
You slash the jelly!
Your hands burn!
The jelly hits you but does no damage. The eye of draining gazes at you.
You take 3 damage, and have 38/44 hp.
You slash the jelly!
You kill the jelly!
Okawaru accepts your kill. The phantom hits you.
You take 4 damage, and have 34/46 hp.
You slash the shadow imp!
The shadow imp hits you but does no damage.
The phantom hits you but does no damage.
You puncture the shadow imp!
You kill the shadow imp!
Okawaru accepts your kill. The phantom closely misses you.
The eye of draining gazes at you.
The phantom hits you but does no damage.
The yak gores you but does no damage.
Some of the chunks of flesh in your inventory have rotted away.
You hit the yak. The yak gores you but does no damage. The phantom hits you.
The phantom blinks!
You take 3 damage, and have 31/46 hp.
You puncture the yak! The yak gores you but does no damage.
You barely miss the yak. The yak gores you but does no damage.
The eye of draining gazes at you.
You feel your power leaking away.
You hit the yak but do no damage. The yak gores you!
The yak closely misses you.
You take 7 damage, and have 25/46 hp.
You puncture the yak! The eye of draining gazes at you.
The yak closely misses you.
You hit the yak but do no damage. The yak gores you but does no damage.
Your chain mail prevents you from hitting the yak.
The yak gores you but does no damage.
You hit the yak. The yak gores you but does no damage.
The eye of draining gazes at you.
Your chain mail prevents you from hitting the yak.
The yak completely misses you.
The phantom blinks!
The yak gores you but does no damage.
The phantom hits you but does no damage.
You puncture the yak! The eye of draining gazes at you. The yak gores you!
The phantom hits you but does no damage.
You take 8 damage, and have 18/46 hp.
You barely miss the yak. The yak gores you but does no damage.
The phantom hits you but does no damage.
The eye of draining gazes at you.
You hit the yak but do no damage. The yak misses you.
The phantom hits you but does no damage.
You hit the yak. The yak gores you!
* * * LOW HITPOINT WARNING * * *
The phantom hits you but does no damage.
You take 9 damage, and have 9/46 hp.
Unknown command.
You hit the yak but do no damage. The yak gores you but does no damage.
The phantom blinks!
The yak gores you!
* * * LOW HITPOINT WARNING * * *
You take 7 damage, and have 2/46 hp.
You hit the yak but do no damage. The eye of draining gazes at you.
You feel your power leaking away.
The phantom blinks!
The yak gores you.
You die... ▓▓▓▓▓▓▓▓▓▓▓▓▓▓▓▓▓▓▓▓▓▓▓▓ _______'...§[..W@YyG.... ▓▓▓▓▓▓▓▓▓▓▓▓▓▓▓▓▓▓▓▓▓▓▓▓

You could see a yak, an eye of draining, a phantom and a killer bee.

Vanquished Creatures
  An ogre (D)
  A scorpion (D)
  A jelly (D)
  A shadow imp (D)
  An adder (D)
  A giant cockroach (D)
  2 goblins (D)
  A jackal (D)
  A bat (D)
  2 rats (D)
12 creatures vanquished.

Notes
Turn   | Place    | Note
--------------------------------------------------------------
     0 | D        | esc the Demonspawn Gladiator began the quest for the Orb.
     0 | D        | Reached XP level 1. HP: 16/16 MP: 1/1
     6 | D        | Reached skill level 3 in Dodging
    16 | D        | Reached skill level 3 in Polearms
    26 | D        | Reached skill level 1 in Armour
   102 | D        | Noticed a scorpion
   102 | D        | Noticed an ogre
   106 | D        | Killed a scorpion
   106 | D        | Reached skill level 4 in Fighting
   106 | D        | Reached skill level 4 in Polearms
   106 | D        | Reached skill level 2 in Armour
   106 | D        | Reached skill level 4 in Dodging
   106 | D        | Gained mutation: You are partially covered in slimy green scales (AC +2). [demonic ancestry]
   106 | D        | Reached XP level 2. HP: 25/25 MP: 2/2
   106 | D        | Gained mutation: You have a pair of small antennae on your head. [demonic ancestry]
   106 | D        | Reached XP level 3. HP: 30/30 MP: 3/3
   111 | D        | Killed an ogre
   111 | D        | Reached skill level 5 in Fighting
   111 | D        | Reached skill level 5 in Polearms
   111 | D        | Reached skill level 4 in Armour
   111 | D        | Reached skill level 5 in Dodging
   111 | D        | Gained mutation: You are mostly covered in slimy green scales (AC +3). [demonic ancestry]
   111 | D        | Reached XP level 4. HP: 26/39 MP: 4/4
   123 | D        | Gained mutation: Your flesh is cold resistant. [demonic ancestry]
   123 | D        | Reached XP level 5. HP: 16/44 MP: 5/5
   135 | D        | Found a glowing silver altar of Zin.
   135 | D        | Found a glowing golden altar of the Shining One.
   135 | D        | Found an ancient bone altar of Kikubaaqudgha.
   135 | D        | Found a basalt altar of Yredelemnul.
   135 | D        | Found a shimmering altar of Xom.
   135 | D        | Found a radiant altar of Vehumet.
   136 | D        | Found an iron altar of Okawaru.
   137 | D        | Found a burning altar of Makhleb.
   138 | D        | Found a deep blue altar of Sif Muna.
   139 | D        | Found a bloodstained altar of Trog.
   140 | D        | Found a sparkling altar of Nemelex Xobeh.
   141 | D        | Found a white marble altar of Elyvilon.
   142 | D        | Found a roughly hewn altar of Beogh.
   143 | D        | Found a viscous altar of Jiyva.
   144 | D        | Became a worshipper of Warmaster Okawaru
   145 | D        | Found a corrupted altar of Lugonu.
   146 | D        | Found a blossoming altar of Fedhas.
   147 | D        | Found a snail-covered altar of Cheibriados.
   148 | D        | Found a shadowy altar of Dithmenos.
   149 | D        | Found a stormy altar of Qazlal.
   150 | D        | Found an opulent altar of Gozag.
   151 | D        | Found a sacrificial altar of Ru.
   307 | D        | Noticed a phantom
   307 | D        | Noticed a jelly
   307 | D        | Noticed a yak
   307 | D        | Noticed a killer bee
   307 | D        | Noticed an eye of draining
   312 | D        | Killed a jelly
   327 | D        | HP: 9/46 [yak (9)]
   328 | D        | HP: 2/46 [yak (8)]
   329 | D        | Slain by a yak

Vault maps used:
D:        linesprint

Action                   |  1- 3 |  4- 6 || total
-------------------------+-------+-------++-------
Melee: Trident           |    30 |    12 ||    42
       Halberd           |       |    22 ||    22
  Use: Potion            |     1 |       ||     1

Vault maps used:
D:        linesprint

Table legend:
 A = Turns spent in this place as a percentage of turns spent in the entire game.
 B = Non-inter-level travel turns spent in this place as a percentage of non-inter-level travel turns spent in the entire game.
 C = Inter-level travel turns spent in this place as a percentage of turns spent in this place.
 D = Turns resting spent in this place as a percentage of non-inter-level travel turns spent in this place.
 E = Turns spent auto-exploring this place as a percentage of non-inter-level travel turns spent in this place.
 F = Non-inter-level travel turns spent in this place divided by the number of levels of this place that you've seen.
                   A       B       C       D       E      F
               +-------+-------+-------+-------+-------+----------------------
         Total | 100.0 | 100.0 |   0.0 |   2.7 |   0.0 | 150.0
       Dungeon | 100.0 | 100.0 |   0.0 |   2.7 |   0.0 | 150.0
               +-------+-------+-------+-------+-------+----------------------

Table legend:
 A = Kills in this place as a percentage of kills in entire the game.
 B = Kills by you in this place as a percentage of kills by you in the entire game.
 C = Kills by friends in this place as a percentage of kills by friends in the entire game.
 D = Other kills in this place as a percentage of other kills in the entire game.
 E = Experience gained in this place as a percentage of experience gained in the entire game.
 F = Experience gained in this place divided by the number of levels of this place that you have seen.
                   A       B       C       D       E      F
               +-------+-------+-------+-------+-------+----------------------
         Total | 100.0 | 100.0 |  -nan |  -nan | 100.0 | 253.0
       Dungeon | 100.0 | 100.0 |  -nan |  -nan | 100.0 | 253.0
               +-------+-------+-------+-------+-------+----------------------
